 Dungeon Sprint DCSS version 0.21-a0-264-g3e31e41 (webtiles) character file.

8598 Kidiri the Unseen (level 11, -8/55 (56) HPs)
             Began as a Spriggan Enchanter on Sept 8, 2017.
             Was an Elder of Dithmenos.
             Engulfed by a death drake's foul pestilence (9 damage)
             ... in the Dungeon (Sprint II: "The Violet Keep of Menkaure").
             The game lasted 00:09:20 (1313 turns).

Kidiri the Unseen (Spriggan Enchanter)              Turns: 1313, Time: 00:09:21

HP:   -8/55 (56)    AC:  2    Str:  4    XL:     11   Next: 12%
MP:   19/25         EV: 32    Int: 26    God:    Dithmenos [****..]
Gold: 928           SH:  0    Dex: 19    Spells: 11/35 levels left

rFire    x . .     SeeInvis +   a - +1 dagger
rCold    . . .     Gourm    .   (shield restricted)
rNeg     . . .     Faith    .   e - +0 robe "Jusief" {rElec rF- Int+8} (curse)
rPois    .         Spirit   .   (helmet restricted)
rElec    +         Reflect  .   (no cloak)
rCorr    .         Harm     .   (gloves unavailable)
MR       +....     NoTele   +   (boots unavailable)
Stlth    +++++.....             (no amulet)
HPRegen  0.18/turn              (no ring)
MPRegen  0.19/turn              (no ring)

@: lethally poisoned (-8 -> -108), very slightly contaminated, slowed, wreathed
by umbra, very slow
A: unfitting armour, see invisible, herbivore 3, speed 3, low mp 1, slow
metabolism 2
a: Shadow Step, Renounce Religion


You were in the Dungeon.
You worshipped Dithmenos.
Dithmenos was greatly pleased with you.
You were not hungry.

You visited 1 branch You collected 1687 gold pieces.
You spent 759 gold pieces at shops.

Inventory:

Hand Weapons
 a - a +1 dagger (weapon)
Missiles
 m - a throwing net (quivered)
Armour
 b - a +0 robe
 e - the cursed +0 robe "Jusief" (worn) {rElec rF- Int+8}
   (You bought it in a shop in the Dungeon)

   It affects your intelligence (+8).
   It makes you vulnerable to fire.
   It insulates you from electricity.
   It has a curse placed upon it.
Scrolls
 j - a scroll of blinking
 k - 2 scrolls of enchant weapon {unknown}
 q - a scroll of recharging {unknown}
 s - a scroll of fear {unknown}
 t - a scroll of remove curse {unknown}
Potions
 g - 2 potions of haste
 h - 3 potions of magic
 l - 3 potions of might
 n - a potion of cancellation
 p - 3 potions of flight
 u - 3 potions of resistance
Books
 c - a book of Maledictions

   Spells                             Type                      Level
   a - Corona                         Hexes                        1
   b - Ensorcelled Hibernation        Hexes/Ice                    2
   c - Confuse                        Hexes                        3
   d - Tukima's Dance                 Hexes                        3
   e - Dazzling Spray                 Conjuration/Hexes            3
 i - a Young Poisoner's Handbook

   Spells                             Type                      Level
   a - Sting                          Conjuration/Poison           1
   b - Poisonous Vapours              Poison/Air                   2
   c - Mephitic Cloud                 Conjuration/Poison/Air       3
   d - Olgreb's Toxic Radiance        Poison                       4
   e - Venom Bolt                     Conjuration/Poison           5
Comestibles
 d - a bread ration
 o - 5 fruits


   Skills:
 + Level 6.1 Fighting
 * Level 11.4 Short Blades
 + Level 5.4 Armour
 * Level 14.7 Dodging
 * Level 16.0 Stealth
 * Level 12.6 Spellcasting
 + Level 5.1 Conjurations
 + Level 9.6 Hexes
 + Level 5.9 Ice Magic
 + Level 4.8 Air Magic
 + Level 5.3 Poison Magic


You had 11 spell levels left.
You knew the following spells:

 Your Spells              Type           Power        Failure   Level  Hunger
a - Corona                Hex            ######.      1%          1    None
b - Ensorcelled Hibernat  Hex/Ice        ######       1%          2    None
c - Confuse               Hex            ######..     1%          3    None
d - Tukima's Dance        Hex            ######..     1%          3    None
e - Dazzling Spray        Conj/Hex       ######       1%          3    None
f - Mephitic Cloud        Conj/Pois/Air  #####...     1%          3    None
g - Olgreb's Toxic Radia  Pois           #####...     4%          4    None
h - Venom Bolt            Conj/Pois      #####.....   12%         5    ###....


Dungeon Overview and Level Annotations

Branches:
Dungeon (1/1)

Altars:
Cheibriados
Dithmenos
Elyvilon
Fedhas
Gozag
Hepliaklqana
Kikubaaqudgha
Makhleb
Nemelex Xobeh
Okawaru
Qazlal
Ru
Sif Muna
Trog
Uskayaw
Vehumet
Wu Jian
Xom
Yredelemnul
Zin
The Shining One
Beogh
Jiyva
Lugonu

Shops:
D :![}?(*?[==[![%:

Annotations:
D exclusions: death drake, obsidian statue, oklob plant and swamp drake


Innate Abilities, Weirdness & Mutations

You are very small and have problems with some larger weapons.
You are too small for most types of armour.
You have supernaturally acute eyesight. (SInv)
You are a herbivore.
You cover ground extremely quickly.
You need consume almost no food.
Your magical capacity is low. (-10% MP)


Message History

You feel as though you will be slow longer.
* * * LOW HITPOINT WARNING * * *
The death drake completely misses you.
Unknown command.
You closely miss the death drake.
The death drake is heavily wounded.
You are engulfed in dark miasma.
You are more poisoned.
You feel as though you will be slow longer.
* * * LOW HITPOINT WARNING * * *
x2 You feel very sick.
The crystal guardian completely misses you.
The death drake bites you.
* * * LOW HITPOINT WARNING * * *
You hit the death drake but do no damage.
The death drake is heavily wounded.
You are engulfed in dark miasma.
You are more poisoned.
You feel as though you will be slow longer.
You die...

#+##..#..####.# .#:}▓.)(.(...▓▓
...##.####..+.##.#))▓..[(..[(▓▓
)#..#....#.%#...####▓[(....()▓▓
...####..#####..##.#▓.)[).((.▓▓
#+###.##..#..+..#%.#▓(.......▓▓
#.###..#..#..#..#..#▓()[[.[(.▓▓
.<.+.##+..####.k##)#▓[.(.(..(▓▓
#.###..#....###k8.##▓▓▓▓▓▓▓+▓▓▓▓+
#+###.##......≈≈@≈≈≈≈≈≈≈≈≈≈...≈≈≈
.#.####≈≈.....≈#+########+###.≈≈≈
.#..#≈≈≈≈≈≈≈..≈#..._._._#§§≈##≈≈≈
.#.##≈≈≈§≈≈≈§.≈#_._._._.#§§§≈####
#'##≈§≈≈§§§§§≈≈#._._._._#§§§≈§##§
≈≈≈≈≈≈≈≈≈§≈§§§≈#_._._._.#§≈§§§≈#.
+#+++#≈§§§≈§§§≈#._._._..#≈§§§§≈+§
≈≈§ ##≈§§###§≈#_._._...#≈%≈§§§#.
≈§§ #§≈#._._....#≈§≈§≈≈▓.


You could see a death drake, a crystal guardian and a swamp drake.

Vanquished Creatures
  A kraken (D)
  2 hell hogs (D)
  2 deep trolls (D)
  3 manticores (D)
  3 shining eyes (D)
  A merfolk siren (D)
  A yaktaur (D)
  A hornet (D)
  3 polar bears (D)
  A tyrant leech (D)
  4 neqoxecs (D)
  4 crocodiles (D)
  4 worker ants (D)
  4 tentacles (D)
34 creatures vanquished.

Vanquished Creatures (others)
  Menkaure (D)
  A swamp drake (D)
  A crocodile (D)
  3 tentacles (D)
6 creatures vanquished.

Grand Total: 40 creatures vanquished

Notes
Turn   | Place    | Note
-------+----------+-------------------------------------------
     0 | D        | Kidiri the Spriggan Enchanter began the quest for the Orb.
     0 | D        | Reached XP level 1. HP: 9/9 MP: 5/5
     1 | D        | Noticed a merfolk siren
     4 | D        | Noticed a neqoxec
     7 | D        | Noticed a tyrant leech
     7 | D        | Noticed a tyrant leech
    10 | D        | Noticed a worker ant
    10 | D        | Noticed a worker ant
    17 | D        | Killed a worker ant
    17 | D        | Reached skill level 1 in Fighting
    17 | D        | Reached skill level 5 in Stealth
    17 | D        | Reached XP level 2. HP: 14/14 MP: 6/8
    23 | D        | Reached skill level 1 in Armour
    23 | D        | Reached skill level 5 in Dodging
    23 | D        | Reached skill level 6 in Stealth
    23 | D        | Reached XP level 3. HP: 17/18 MP: 6/9
    45 | D        | Learned a level 2 spell: Ensorcelled Hibernation
    49 | D        | Learned a level 3 spell: Confuse
    53 | D        | Learned a level 3 spell: Tukima's Dance
    54 | D        | Killed Menkaure
    65 | D        | Reached skill level 7 in Stealth
    65 | D        | Reached XP level 4. HP: 23/23 MP: 9/11
    72 | D        | Reached skill level 5 in Spellcasting
    72 | D        | Reached skill level 1 in Ice Magic
    84 | D        | Learned a level 3 spell: Dazzling Spray
   232 | D        | Noticed an orange crystal statue
   330 | D        | Killed a crocodile
   337 | D        | Killed a merfolk siren
   337 | D        | Reached skill level 10 in Stealth
   337 | D        | Reached XP level 5. HP: 28/28 MP: 12/15
   337 | D        | Reached XP level 6. HP: 32/32 MP: 13/17
   343 | D        | Noticed an obsidian statue
   472 | D        | Found Onu Leih's Book Shoppe.
   473 | D        | Found Ciyhapn's Armour Shoppe.
   473 | D        | Found Neaperal's Food Emporium.
   474 | D        | Found Geim Ist's Armour Shoppe.
   474 | D        | Found Lutz's Jewellery Emporium.
   474 | D        | Found Ugoid's Distillery.
   475 | D        | Found Docuth's Assorted Antiques.
   475 | D        | Found Riubum's Magic Scroll Shoppe.
   475 | D        | Found Mutwon's Antique Armour Emporium.
   475 | D        | Found Jidghef's Jewellery Shoppe.
   595 | D        | Killed a neqoxec
   595 | D        | Reached XP level 7. HP: 36/36 MP: 17/19
   608 | D        | Noticed a neqoxec
   609 | D        | Killed a neqoxec
   609 | D        | Reached skill level 11 in Stealth
   610 | D        | Noticed a neqoxec
   610 | D        | Noticed a neqoxec
   612 | D        | Killed a neqoxec
   612 | D        | Reached skill level 10 in Dodging
   615 | D        | Gained mutation: You are clumsy. (Dex -2) [a neqoxec]
   616 | D        | Killed a neqoxec
   616 | D        | Reached XP level 8. HP: 42/42 MP: 16/21
   621 | D        | Found Kevia's Magic Scroll Shoppe.
   621 | D        | Found Wouni's Gadget Emporium.
   622 | D        | Found Piwyl's Antique Armour Shoppe.
   622 | D        | Found Tarr's Distillery.
   624 | D        | Found Akhutz Wejoi's Antique Weapon Emporium.
   625 | D        | Noticed an oklob plant
   626 | D        | Found Geppess's Book Shoppe.
   627 | D        | Noticed a fire dragon
   648 | D        | Bought the cursed +0 robe "Jusief" {rElec rF- Int+8} for 279 gold pieces
   665 | D        | Bought a Young Poisoner's Handbook for 480 gold pieces
   688 | D        | Learned a level 3 spell: Mephitic Cloud
   693 | D        | Learned a level 4 spell: Olgreb's Toxic Radiance
   699 | D        | Learned a level 5 spell: Venom Bolt
   714 | D        | Found a glowing golden altar of the Shining One.
   714 | D        | Found an ornate altar of the Wu Jian Council.
   716 | D        | Found a shimmering altar of Xom.
   716 | D        | Found a sacrificial altar of Ru.
   717 | D        | Found a basalt altar of Yredelemnul.
   717 | D        | Found a deep blue altar of Sif Muna.
   718 | D        | Found a glowing silver altar of Zin.
   718 | D        | Found a bloodstained altar of Trog.
   718 | D        | Found an ancient bone altar of Kikubaaqudgha.
   718 | D        | Found a stormy altar of Qazlal.
   718 | D        | Found a viscous altar of Jiyva.
   719 | D        | Found a hide-covered altar of Uskayaw.
   719 | D        | Found a corrupted altar of Lugonu.
   719 | D        | Found a shadowy altar of Dithmenos.
   720 | D        | Found a radiant altar of Vehumet.
   720 | D        | Found a burning altar of Makhleb.
   720 | D        | Found a white marble altar of Elyvilon.
   721 | D        | Found a sparkling altar of Nemelex Xobeh.
   721 | D        | Found a blossoming altar of Fedhas.
   723 | D        | Found an iron altar of Okawaru.
   723 | D        | Found an opulent altar of Gozag.
   723 | D        | Found a hazy altar of Hepliaklqana.
   723 | D        | Found a snail-covered altar of Cheibriados.
   723 | D        | Noticed a hornet
   723 | D        | Noticed a polar bear
   724 | D        | Found a roughly hewn altar of Beogh.
   724 | D        | Noticed a yaktaur
   733 | D        | Became a worshipper of Dithmenos the Shadowed
   741 | D        | Noticed a polar bear
   741 | D        | Noticed a polar bear
   749 | D        | Killed a polar bear
   750 | D        | Killed a polar bear
   750 | D        | Reached skill level 12 in Stealth
   750 | D        | Reached skill level 1 in Air Magic
   750 | D        | Reached skill level 1 in Poison Magic
   753 | D        | Killed a hornet
   753 | D        | Reached * piety under Dithmenos
   756 | D        | Killed a yaktaur
   780 | D        | Killed a tyrant leech
   801 | D        | Killed a polar bear
   801 | D        | Reached ** piety under Dithmenos
   801 | D        | Reached skill level 13 in Stealth
   801 | D        | Reached skill level 10 in Spellcasting
   801 | D        | Reached XP level 9. HP: 28/46 MP: 5/24
   807 | D        | Noticed a hell hog
   808 | D        | Noticed a hell hog
   809 | D        | Killed a hell hog
   811 | D        | Killed a hell hog
   811 | D        | Reached *** piety under Dithmenos
   811 | D        | Reached skill level 5 in Fighting
   822 | D        | Noticed a manticore
   823 | D        | Noticed a manticore
   823 | D        | Noticed a manticore
   824 | D        | Killed a manticore
   824 | D        | Reached skill level 14 in Stealth
   825 | D        | Killed a manticore
   825 | D        | Reached skill level 10 in Short Blades
   825 | D        | Reached skill level 5 in Ice Magic
   825 | D        | Reached XP level 10. HP: 33/51 MP: 8/26
   827 | D        | Killed a manticore
   827 | D        | Reached **** piety under Dithmenos
   837 | D        | Noticed a deep elf master archer
   916 | D        | Noticed a shining eye
   916 | D        | Noticed a shining eye
   916 | D        | Noticed a shining eye
   918 | D        | Killed a shining eye
   920 | D        | Killed a shining eye
   920 | D        | Gained mutation: Your magical capacity is low. (-10% MP) [a shining eye]
   922 | D        | Lost mutation: You are clumsy. (Dex -2) [a shining eye]
   926 | D        | Killed a shining eye
   926 | D        | Reached skill level 15 in Stealth
  1012 | D        | Noticed a death drake
  1023 | D        | Noticed a kraken
  1031 | D        | Killed a kraken
  1031 | D        | Reached skill level 5 in Armour
  1031 | D        | Reached skill level 5 in Poison Magic
  1041 | D        | Found the +0 sword of Power
  1227 | D        | Noticed a deep troll
  1228 | D        | Noticed a deep troll
  1229 | D        | Killed a deep troll
  1229 | D        | Reached skill level 5 in Conjurations
  1229 | D        | Reached XP level 11. HP: 56/56 MP: 20/25
  1231 | D        | Killed a deep troll
  1231 | D        | Reached skill level 16 in Stealth
  1286 | D        | Noticed a death drake
  1290 | D        | Noticed a crystal guardian
  1312 | D        | HP: 1/55 [death drake (3)]
  1313 | D        | Engulfed by a death drake's foul pestilence

Vault maps used:
D:        the_violet_keep_of_menkaure

Skill      XL: |  1  2  3  4  5  6  7  8  9 10 11 |
---------------+----------------------------------+-----
Fighting       | 1 3 4 5 6 |  6.1
Short Blades   | 2 3 6 7 9 10 11 | 11.4
Dodging        | 4 5 8 9 10 11 13 14 | 14.7
Stealth        | 5 6 7 10 11 13 14 15 16 | 16.0
Spellcasting   | 4 7 8 10 11 12 | 12.6
Hexes          | 4 6 7 8 9 |  9.6
Armour         | 1 2 3 4 5 |  5.4
Ice Magic      | 2 3 4 5 |  5.9
Conjurations   | 2 3 4 5 |  5.1
Air Magic      | 2 3 4 |  4.8
Poison Magic   | 2 3 5 |  5.3

Action                   |  1- 3 |  4- 6 |  7- 9 | 10-12 || total
-------------------------+-------+-------+-------+-------++-------
Melee: Dagger            |    12 |    10 |    28 |    15 ||    65
 Cast: Ensorcelled Hiber |       |    12 |     3 |       ||    15
       Dazzling Spray    |       |     5 |     1 |     8 ||    14
       Confuse           |       |     5 |     1 |       ||     6
       Olgreb's Toxic Ra |       |       |     2 |     1 ||     3
       Mephitic Cloud    |       |       |     2 |       ||     2
       Venom Bolt        |       |       |       |     8 ||     8
Invok: Shadow Step       |       |       |       |     5 ||     5
  Use: Potion            |     2 |       |       |     4 ||     6
       Scroll            |       |       |       |     4 ||     4
 Stab: Sleeping          |     1 |     4 |     8 |     8 ||    21
       Confused          |       |     1 |     4 |       ||     5
       Invisible         |       |       |     1 |       ||     1
Armor: Robe              |       |     1 |       |     1 ||     2
Dodge: Dodged            |     5 |    11 |    10 |    41 ||    67

Table legend:
 A = Spawn XP
 B = Non-spawn XP
 C = Spawn XP percentage of total XP
 D = Spawn monster count
 E = Non-spawn monster count
 F = Spawn count percentage of total count
 G = Total turns spent on level
                    A         B        C        D         E        F      G
               +---------+---------+-------+---------+---------+-------+---------
         Total |       0 |   12283 |   0.0 |       0 |      31 |   0.0 |  1313
               +---------+---------+-------+---------+---------+-------+---------
             D |       0 |   12283 |   0.0 |       0 |      31 |   0.0 |  1313
               +---------+---------+-------+---------+---------+-------+---------
